 Seeded DCSS version 0.30-a0-52-g86a8295270 (webtiles) character file.

Game seed: 6705030474356799743 (custom seed)

1482897 scionoferis the Naga Blade (level 27, 241/272 HPs)
             Began as a Naga Warper on Sept 4, 2022.
             Was a High Priest of Wu Jian.
             Escaped with the Orb
             ... and 3 runes on Sept 6, 2022!
             The game lasted 07:40:29 (98176 turns).

scionoferis the Naga Blade (Naga Warper)           Turns: 98176, Time: 07:40:30

Health: 241/272    AC: 36    Str: 32    XL:     27
Magic:  39/39      EV: 32    Int: 14    God:    Wu Jian [*****.]
Gold:   6168       SH: 24    Dex: 39    Spells: 26/50 levels left

rFire   + + .      SeeInvis +    a - +9 demon blade (vorpal)
rCold   + . .      Faith    .    Z - +0 kite shield {rC+ rF+}
rNeg    + + .      Spirit   .    j - +6 faerie dragon scales {Drain rCorr Str+10 Dex+4}
rPois   +          Reflect  .    (no helmet)
rElec   +          Harm     .    R - +4 dragonskin cloak
rCorr   +          Rampage  .    h - +2 pair of gloves {Dex+3}
Will    +++..                    g - +1 barding of Ofaocic {rF+ Str+2}
Stlth   ++........               m - amulet of the acrobat
HPRegen 0.55/turn                T - ring "Xiburi" {Contam +Blink rElec rN++ Str+6}
MPRegen 0.26/turn                f - ring of Anitae Ceve {Dex+6 Slay+3}

@: studying 2 skills, very slow
A: AC +9, large, see invisible, deformed body, poison resistance, slowness 2,
spit poison 2, naga tail 2, large bone plates 1, agile 1, screaming 1
0: Orb of Zot
}: 3/15 runes: serpentine, barnacled, silver
a: Breathe Poison Gas, Renounce Religion, Evoke Blink, Wall Jump, Serpent's
Lash, Heavenly Storm


You escaped.
You worshipped Wu Jian.
Wu Jian was extremely pleased with you.
You visited 11 branches of the dungeon, and saw 51 of its levels.
You visited 1 ziggurat, and saw 9 of its levels.
You also visited: Sewer, Ice Cave and Desolation.

You collected 8678 gold pieces.
You spent 2510 gold pieces at shops.

Inventory:

Hand Weapons
 a - a +9 vorpal demon blade (weapon)
 d - a +0 dagger of flaming
Missiles
 z - 62 poisoned darts (quivered)
 N - 9 throwing nets
 P - 6 curare-tipped darts
 Q - 12 javelins
Armour
 g - the +1 barding of Ofaocic (worn) {rF+ Str+2}
   (You acquired it on level 1 of the Dungeon)

   Str:       It affects your strength (+2).
   rF:        It protects you from fire.
 h - a +2 pair of gloves of dexterity (worn)
 j - the +6 faerie dragon scales (worn) {Drain rCorr Str+10 Dex+4}
   (You took it off the Enchantress on level 1 of the Depths)

   Str:       It affects your strength (+10).
   Dex:       It affects your dexterity (+4).
   rCorr:     It protects you from acid and corrosion.
   Drain:     It drains your maximum health when unequipped.
 M - a +2 helmet
 R - the +4 dragonskin cloak (worn)
   (You took it off Tiamat on level 3 of the Realm of Zot)

   It grants the wearer a chance to resist fire, cold, poison, electricity,
   acid, and negative energy.
 Z - a +0 kite shield of resistance (worn)
Jewellery
 f - the ring of Anitae Ceve (right hand) {Dex+6 Slay+3}
   (You found it on level 1 of the Realm of Zot)

   [ring of dexterity]

   Dex:       It affects your dexterity (+6).
   Slay:      It affects your accuracy & damage with ranged weapons and melee
   (+3).
 m - an amulet of the acrobat (around neck)
 u - the ring "Zywaikk" {Fly rC+ Slay+2}
   (You took it off a deep elf death mage on level 3 of the Elven Halls)

   [ring of flight]

   Slay:      It affects your accuracy & damage with ranged weapons and melee
   (+2).
   rC:        It protects you from cold.
   Fly:       It grants you flight.
 D - a ring of willpower
 T - the ring "Xiburi" (left hand) {Contam +Blink rElec rN++ Str+6}
   (You acquired it on level 3 of the Lair of Beasts)

   [ring of strength]

   Str:       It affects your strength (+6).
   rElec:     It insulates you from electricity.
   rN:        It greatly protects you from negative energy.
   +Blink:    It lets you blink.
   Contam:    It causes magical contamination when unequipped.
Wands
 k - a wand of light (51)
 t - a wand of digging (12)
 x - a wand of iceblast (52)
 E - a wand of mindburst (6)
 F - a wand of flame (78)
 U - a wand of charming (30)
Scrolls
 b - 20 scrolls of teleportation
 c - 12 scrolls of blinking
 p - 13 scrolls of butterflies
 G - 7 scrolls of poison
 K - 2 scrolls of fear
 O - 12 scrolls of magic mapping
 V - a scroll of silence
 Y - 3 scrolls of summoning
Potions
 e - a potion of ambrosia
 n - 18 potions of heal wounds
 o - 7 potions of haste
 r - 2 potions of invisibility
 s - 6 potions of cancellation
 v - 4 potions of resistance
 I - 24 potions of curing
 L - 6 potions of might
 S - 4 potions of mutation
Miscellaneous
 q - a phantom mirror
 w - a lightning rod (4/4)
 y - a phial of floods
 B - a condenser vane
 W - a box of beasts
 X - a tin of tremorstones (2/2)


   Skills:
 + Level 20.8 Fighting
 + Level 24.8 Long Blades
 - Level 0.8 Throwing
 - Level 10.0 Armour
 + Level 19.0 Dodging
 - Level 10.0 Stealth
 - Level 20.0 Shields
 - Level 12.0 Spellcasting
 - Level 10.0 Summonings
 - Level 15.0 Translocations
 - Level 5.0 Transmutations
 + Level 13.6 Evocations


You had 26 spell levels left.
You knew the following spells:

 Your Spells              Type           Power      Damage    Failure   Level
a - Blink                 Tloc           100%       N/A       1%          2
b - Lesser Beckoning      Tloc           50%        N/A       1%          3
c - Manifold Assault      Tloc           50%        N/A       1%          5
d - Dispersal             Tloc           25%        N/A       4%          6
e - Apportation           Tloc           100%       N/A       1%          1
f - Summon Forest         Summ/Tloc      21%        N/A       1%          5
g - Wereblood             Tmut           22%        N/A       2%          2

Your spell library contained the following spells:

 Spells                   Type           Power      Damage    Failure   Level
 Beastly Appendage        Tmut           44%        N/A       1%          1
 Summon Small Mammal      Summ           100%       N/A       1%          1
 Call Imp                 Summ           36%        N/A       1%          2
 Call Canine Familiar     Summ           36%        N/A       1%          3
 Gell's Gravitas          Tloc           50%        N/A       1%          3
 Portal Projectile        Hex/Tloc       58%        N/A       1%          3
 Teleport Other           Tloc           50%        N/A       1%          3
 Sting                    Tmut/Pois      60%        1d6       4%          1
 Iskenderun's Mystic Bla  Conj/Tloc      29%        2d7       5%          4
 Passwall                 Tmut/Erth      12%        N/A       7%          2
 Foxfire                  Conj/Fire      32%        2x1d5     12%         1
 Magic Dart               Conj           32%        1d4       12%         1
 Necrotise                Necr           32%        1d5       12%         1
 Sandblast                Erth           16%        2d6       12%         1
 Shock                    Conj/Air       32%        1d5       12%         1
 Slow                     Hex            32%        N/A       12%         1
 Spider Form              Tmut/Pois      15%        N/A       13%         3
 Summon Lightning Spire   Summ/Air       22%        N/A       16%         4
 Ensorcelled Hibernation  Hex/Ice        16%        N/A       19%         2
 Poisonous Vapours        Pois/Air       16%        N/A       19%         2
 Scorch                   Fire           16%        2d5       19%         2
 Static Discharge         Conj/Air       16%        3-4/arc   19%         2
 Sublimation of Blood     Necr           8%         N/A       19%         2
 Ignite Poison            Fire/Tmut/Pois 13%        N/A       19%         3
 Summon Cactus Giant      Summ           18%        N/A       30%         6
 Confusing Touch          Hex            8%         N/A       36%         3
 Conjure Flame            Conj/Fire      8%         6-21      36%         3
 Dazzling Flash           Conj/Hex       16%        N/A       36%         3
 Frozen Ramparts          Ice            16%        1d3       36%         3
 Mephitic Cloud           Conj/Pois/Air  8%         N/A       36%         3
 Ozocubu's Armour         Ice            8%         N/A       36%         3
 Stone Arrow              Conj/Erth      16%        3d8       36%         3
 Vampiric Draining        Necr           8%         2d6       36%         3
 Ice Form                 Ice/Tmut       15%        N/A       41%         4
 Petrify                  Tmut/Erth      15%        N/A       41%         4
 Airstrike                Air            4%         2d(1-17)  77%         4
 Anguish                  Hex/Necr       4%         N/A       77%         4
 Animate Dead             Necr           8%         N/A       77%         4
 Corpse Rot               Necr/Pois/Air  8%         N/A       77%         4
 Dispel Undead            Necr           8%         3d8       77%         4
 Flame Wave               Conj/Fire      8%         2d5       77%         4
 Fulminant Prism          Conj/Hex       4%         3d6       77%         4
 Leda's Liquefaction      Hex/Erth       4%         N/A       77%         4
 Olgreb's Toxic Radiance  Pois           8%         N/A       77%         4
 Sticky Flame             Conj/Fire      8%         2d3       77%         4
 Alistair's Intoxication  Tmut/Pois      10%        N/A       77%         5
 Yara's Violent Unravell  Hex/Tmut       7%         3d5       77%         5
 Summon Hydra             Summ           18%        N/A       86%         7
 Disjunction              Tloc           25%        N/A       86%         8
 Agony                    Necr           8%         N/A       98%         5
 Borgnjor's Vile Clutch   Necr/Erth      4%         N/A       98%         5
 Freezing Cloud           Conj/Ice/Air   4%         6-21      98%         5
 Lee's Rapid Deconstruct  Erth           4%         3d6*      98%         5
 Lightning Bolt           Conj/Air       4%         1d15      98%         5
 Metabolic Englaciation   Hex/Ice        4%         N/A       98%         5
 Silence                  Hex/Air        4%         N/A       98%         5
 Conjure Ball Lightning   Conj/Air       4%         3x3d6     100%        6
 Death Channel            Necr           4%         N/A       100%        6
 Eringya's Noxious Bog    Tmut/Pois      7%         N/A       100%        6
 Simulacrum               Ice/Necr       4%         N/A       100%        6
 Dragon Form              Tmut           11%        N/A       100%        7
 Enfeeble                 Hex            4%         N/A       100%        7
 Haunt                    Necr/Summ      11%        N/A       100%        7
 Ozocubu's Refrigeration  Ice            4%         4d8       100%        7
 Spellforged Servitor     Conj/Summ      11%        N/A       100%        7
 Discord                  Hex            4%         N/A       100%        8
 Maxwell's Capacitive Co  Air            4%         ∞         100%        8
 Chain Lightning          Conj/Air       4%         3d5       100%        9
 Dragon's Call            Summ           18%        N/A       100%        9


Dungeon Overview and Level Annotations

Branches:
Dungeon (15/15)            Temple (1/1) D:5            Lair (5/5) D:11
 Shoals (4/4) Lair:3        Snake (4/4) Lair:3        Slime (0/5) Lair:4
    Orc (2/2) D:9             Elf (3/3) Orc:2        Vaults (5/5) D:14
  Crypt (3/3) Vaults:2       Tomb (0/3) Crypt:3      Depths (4/4) D:15
    Zot (5/5) Depths:4      Sewer (visited)           IceCv (visited)
Desolation (visited)

Altars:
Ashenzari
Cheibriados
Dithmenos
Elyvilon
Fedhas
Gozag
Hepliaklqana
Kikubaaqudgha
Makhleb
Nemelex Xobeh
Okawaru
Qazlal
Ru
Sif Muna
Trog
Uskayaw
Vehumet
Wu Jian
Xom
Yredelemnul
Zin
The Shining One
Jiyva
Lugonu

Shops:
D:1 *   D:3 *   D:4 *   D:6 [   D:7 *   Orc:2 (!([   Elf:1 (   Elf:2 *
Elf:3 (   Shoals:3 :   Snake:2 :(:(   Snake:4 (   Vaults:2 (

Portals:
Hell: Depths:1 Depths:2 Depths:3 Depths:4
Abyss: Lair:5 Depths:3
Pandemonium: Depths:2

Annotations:
Vaults:4 exclusion: 3 downstairs
Crypt:3 exclusion: 2 doors
Zot:5 1 exclusion


Innate Abilities, Weirdness & Mutations

Your serpentine skin is tough. (AC +9)
You have supernaturally acute eyesight. (SInv)
Armour fits poorly on your strangely shaped body.
Your system is resistant to poisons. (rPois)
You cover ground very slowly.
You can exhale a cloud of poison.
You can use your snake-like lower body to constrict enemies.
You are partially covered in large bone plates. (SH +4)
You are agile. (Dex +4, Str/Int -1)
You occasionally shout uncontrollably at your foes.


Message History

There is a stone staircase leading up here.
You climb upwards.
There is a stone staircase leading down here.
There is a stone staircase leading up here.
There is a stone staircase leading up here.
You climb upwards.
There is a stone staircase leading down here.
There is a stone staircase leading up here.
You climb upwards.
There is a stone staircase leading down here.
There is a stone staircase leading up here.
You climb upwards.
There is a stone staircase leading down here.
A hellion comes into view.
You see here a +0 dagger.
The hellion gestures at you.
The sphere of damnation explodes!
The damnation engulfs you!
Your muscles tense, ready for explosive movement...
Things that are here:
a +0 whip; a +0 flail; a +0 club Your supernatural speed expires.
The hellion gestures at you.
The sphere of damnation explodes!
The damnation engulfs you!
There is a stone staircase leading up here.
You climb upwards.
There is a stone staircase leading down here.
(D) Dungeon (T) Temple (L) Lair (A) Shoals (P) Snake Pit (M) Slime Pits (O) Orcish Mines (E) Elven Halls (V) Vaults (C) Crypt (W) Tomb (U) Depths (H) Hell (Z) Zot
Where to? (Enter - D:1 @ (x,y), ? - help)
There is a stone staircase leading up here.
You climb upwards.
There is a stone staircase leading down here.
You feel less exhausted.
There is a stone staircase leading up here.
You climb upwards.
There is a stone staircase leading down here.
There is a staircase leading out of the dungeon here.
You have escaped!

......#.......#§≈≈#............#
......#..#######≈#######..###..#
......#..# ##.......## #...##..##
.....##..###.........###........#
.....##..##...........##..#.#...#
##.#.##..#.............#.........
.#...#..##.............##.....###
.###...#.#.............#.#..#.# #
.# #..#.........@.........#...###
.# #...#.#......)......#.#.......
.# #.#..##.............##.....###
.###.##..#.............#......# #
...#.....##........)..##...#..# #
##.#.#...###.........###...#..#
.....##..# ##.......## #)..#..###
##.#..#..#######§#######......##.
##.##.........#≈≈≈#...........##.


There were no monsters in sight!

Vanquished Creatures
  7 dread liches
  Tiamat (Zot:3)
  5 orbs of fire
  8 ancient liches
  Vv (Zot:4)
  Boris (Vaults:5)
  6 Killer Klowns
  A caustic shrike (Depths:2)
  Nikola (Depths:1)
  2 curse toes
  the Enchantress (Depths:1)
  6 golden dragons
  3 bone dragons
  2 profane servitors
  4 electric golems
  2 Brimstone Fiends (Zig:6)
  Jorgrun (D:15)
  21 tentacled monstrosities
  A shard shrike zombie (Crypt:3)
  4 hellephants
  A Hell Sentinel (D:13)
  4 liches
  27 Orb Guardians
  Rupert (Lair:4)
  Zenata (Crypt:1)
  3 deep elf blademasters
  An Executioner (D:15)
  6 titans (Vaults:5)
  2 deep elf master archers (Elf:3)
  6 quicksilver dragons
  Frances (Shoals:2)
  Kirke (Lair:3)
  13 sphinxes
  An ancient champion (Vaults:2)
  9 death cobs
  Agnes (Elf:1)
  19 storm dragons
  6 tengu reavers
  Donald (Elf:1)
  11 shadow dragons
  6 revenants
  4 nagarajas
  2 daevas (Depths:2)
  13 frost giants
  2 draconian knights
  8 fire giants
  9 draconian monks
  A nargun (Zig:8)
  A balrug (Zig:6)
  2 cacodemons (Crypt:2)
  6 deep elf sorcerers
  2 caustic shrike zombies
  2 iron dragons
  28 vault wardens
  2 draconian scorchers
  An orc warlord (Vaults:1)
  4 ghost moths
  5 curse skulls
  Louise (Elf:3)
  Aizul (Snake:3)
  2 deep elf elementalists
  6 draconian shifters
  An angel (Depths:2)
  11 ghouls
  4 war gargoyles
  2 draconian stormcallers
  19 stone giants
  2 reapers (Crypt:2)
  26 ironbound preservers
  13 very ugly things
  9 ironbound thunderhulks
  A juggernaut skeleton (Crypt:2)
  17 vampire knights
  6 spriggan defenders
  7 draconian annihilators
  18 black draconians
  10 deep elf annihilators
  5 deep elf demonologists
  19 white draconians
  A minotaur (shapeshifter) (Vaults:5)
  A minotaur (D:11)
  10 red draconians
  An entropy weaver (Vaults:2)
  3 halazid warlocks (Desolation)
  4 green draconians
  13 yellow draconians
  7 dire elephants
  5 purple draconians
  13 eidola
  10 fire dragons
  2 pearl dragon zombies (Depths:1)
  2 spectral krakens (Shoals:4)
  7 merfolk javelineers
  8 ettins
  3 crystal guardians (Desolation)
  4 merfolk impalers
  9 jiangshi
  2 mummy priests
  16 yaktaur captains
  A quicksilver dragon zombie (Crypt:3)
  Josephine (D:15)
  36 vault guards
  10 deep elf death magi
  6 ragged hierophants (Desolation)
  8 deep elf high priests
  4 salamander tyrants
  11 ice dragons
  3 great orbs of eyes
  5 boulder beetles
  4 rakshasas (Depths:2)
  3 ogre magi
  A spriggan skeleton (Crypt:1)
  4 spriggan zombies
  11 servants of whispers (Desolation)
  4 spriggan air magi
  3 hydras
  3 ghost crabs (Shoals:4)
  9 peacekeepers
  12 ironbound frosthearts
  3 merfolk avatars (Shoals:4)
  5 death knights
  A stoker (Zig:6)
  An alligator snapping turtle (Shoals:4)
  4 anacondas
  7 two-headed ogres
  6 merfolk aquamancers
  28 dancing weapons
  3 tengu warriors
  25 naga warriors
  A satyr (Shoals:3)
  16 deep troll shamans
  7 centaur warriors
  2 spriggan berserkers
  8 death yaks
  8 deep troll earth magi
  4 thrashing horrors (Lair:5)
  9 vampire magi
  17 naga sharpshooters
  6 orc high priests
  22 deep elf knights
  45 slime creatures
  7 shock serpents
  8 hell hogs
  A shock serpent (shapeshifter) (Depths:2)
  A titan skeleton (Crypt:1)
  A soul eater (Crypt:2)
  Nergalle (D:11)
  An iron giant zombie (Crypt:3)
  Lodul (D:14)
  4 sixfirhies (Zot:3)
  3 salamander mystics
  A steelbarb worm (shapeshifter) (D:15)
  A golden dragon zombie (Crypt:3)
  16 skeletal warriors
  5 iron trolls
  A shadow wraith (Crypt:2)
  82 deep trolls
  An orb spider (Zig:2)
  An anaconda zombie (Crypt:3)
  3 glowing orange brains (Depths:2)
  21 sea snakes
  21 deep elf archers
  A bunyip skeleton (Crypt:1)
  9 naga ritualists
  9 flayed ghosts
  A bog body (IceCv)
  28 harpies
  A shadow dragon zombie (Crypt:3)
  9 lindwurms
  39 deep elf zephyrmancers
  11 wizards
  5 mana vipers
  A wolf spider zombie (Crypt:1)
  32 deep elf pyromancers
  35 phantasmal warriors
  24 ironbound convokers
  7 fauns
  A shadow dragon skeleton (Crypt:1)
  A harpy (shapeshifter) (Lair:5)
  5 necromancers
  7 orc sorcerers
  A frost giant zombie (Depths:1)
  13 manticores
  30 ugly things
  A spectral merfolk (Shoals:4)
  8 orc knights
  2 mana vipers (shapeshifter)
  23 salamanders
  5 wolf spiders
  4 large abominations
  A jorogumo skeleton (Crypt:2)
  8 cyclopes
  3 apis skeletons (Depths:1)
  6 guardian serpents
  5 elephants
  2 ice statues (IceCv)
  A centaur zombie (Crypt:1)
  30 black mambas
  A stone giant skeleton (Depths:1)
  27 moths of wrath
  15 vault sentinels
  A cane toad (shapeshifter) (D:11)
  4 water nymphs
  An elephant slug zombie (Crypt:2)
  6 merfolk sirens
  4 unseen horrors
  2 smoke demons (Lair:5)
  38 naga magi
  Joseph (D:7)
  5 centaur skeletons
  A hellion (Zig:6)
  3 gargoyles
  16 freezing wraiths
  A dire elephant zombie (Crypt:3)
  A spectral sea snake (Shoals:4)
  A rime drake (Lair:1)
  6 komodo dragons
  Maggie (D:7)
  17 cane toads
  2 kobold demonologists (D:11)
  31 yaktaurs
  A rime drake (shapeshifter) (Zig:5)
  An unseen horror (shapeshifter) (Vaults:5)
  A guardian mummy (Crypt:3)
  2 spectral water nymphs (Shoals:4)
  4 harpy zombies (Crypt:3)
  2 anaconda simulacra (IceCv)
  3 ice devils (IceCv)
  3 ancient zymes (Lair:5)
  3 tengu conjurers
  A meliai (shapeshifter) (D:13)
  4 polar bears
  A meliai (Zig:2)
  54 saltlings (Desolation)
  A death drake zombie (Crypt:2)
  3 hornets
  3 trolls
  19 merfolk
  Prince Ribbit (D:8)
  8 wind drakes
  A raiju (Zot:3)
  8 blink frogs (Lair:5)
  13 snapping turtles
  15 dream sheep
  A harpy skeleton (Crypt:1)
  4 spectral manticores (Shoals:4)
  A jumping spider (shapeshifter) (Vaults:3)
  2 air elementals
  4 spriggans
  2 flying skulls
  4 jumping spiders (Crypt:3)
  4 centaur simulacra
  A vampire (D:11)
  3 fire elementals
  4 wyverns
  A fire dragon skeleton (Crypt:1)
  14 water elementals
  43 yaks
  An alligator skeleton (Crypt:2)
  16 wraiths
  3 ushabtiu
  Eustachio (D:5)
  A human (shapeshifter) (Lair:5)
  2 dire elephant simulacra (IceCv)
  6 redbacks
  A death yak simulacrum (IceCv)
  A chaos spawn (Lair:5)
  3 hogs (Lair:3)
  A steam dragon (D:9)
  5 vampire mosquitoes
  5 basilisks
  2 harpy simulacra (IceCv)
  52 nagas
  4 hydra simulacra (IceCv)
  2 naga zombies (Crypt:3)
  A naga (shapeshifter) (Lair:5)
  4 wargs
  15 water moccasins
  A floating eye (Zot:2)
  6 acid dragons
  A fire bat skeleton (Crypt:1)
  A floating eye (shapeshifter) (Vaults:3)
  2 ice beasts (D:7)
  A merfolk skeleton (Crypt:1)
  A hornet zombie (D:7)
  5 sky beasts
  A black bear (D:6)
  18 orc warriors
  22 ogres
  7 wolves
  15 centaurs
  A tengu (shapeshifter) (Lair:5)
  A manticore skeleton (Crypt:2)
  A phantom (D:6)
  The ghost of gregwegmann the Caller, an amateur MfSu (D:3)
  An earth elemental (Elf:2)
  A kobold brigand (D:4)
  10 small abominations (Lair:5)
  2 gnoll sergeants
  2 wyvern zombies (D:7)
  3 scorpions (D:5)
  A two-headed ogre simulacrum (IceCv)
  13 bullfrogs
  18 necrophages
  A cane toad simulacrum (IceCv)
  A warg zombie (Crypt:1)
  3 wights (D:5)
  9 wyvern skeletons
  15 killer bees
  An elephant simulacrum (IceCv)
  3 howler monkeys
  7 electric eels
  A bullfrog zombie (D:7)
  9 hounds
  A jelly (D:3)
  A gnoll bouda (D:10)
  A human zombie (D:7)
  29 orc priests
  A human skeleton (Crypt:2)
  An iguana (D:4)
  Natasha (thrice) (D:3)
  19 orc wizards
  5 lightning spires (Zot:3)
  A boggart skeleton (D:14)
  A wolf simulacrum (IceCv)
  A spriggan simulacrum (IceCv)
  A tengu skeleton (Crypt:2)
  2 human simulacra (D:13)
  2 howler monkey zombies (D:7)
  3 mummies
  14 gnolls
  15 adders
  A river rat (D:4)
  A shadow imp (D:7)
  A white imp (IceCv)
  An ufetubus (D:4)
  3 worms
  A dart slug (D:1)
  95 orcs
  5 bats
  13 endoplasms
  9 giant cockroaches (Sewer)
  5 goblins
  5 hobgoblins
  8 jackals
  8 quokkas
  3 training dummies (Elf:1)
  24 ball pythons
  8 frilled lizards
  6 kobolds
  9 rats
  5 ball lightnings (Zot:3)
  10 plants (Zot:3)
  3 tentacles (Shoals:4)
2571 creatures vanquished.

Vanquished Creatures (collateral kills)
  Jory (Vaults:4)
  A frost giant (Depths:1)
  A hydra (Lair:3)
  An ugly thing (Vaults:4)
  An apis skeleton (Depths:1)
5 creatures vanquished.

Vanquished Creatures (others)
  A draconian shifter (Zot:3)
  2 black draconians (Zot:3)
  An ice dragon (Depths:2)
  A naga warrior (Snake:4)
  A hell hog (Depths:1)
  A sixfirhy (Zot:3)
  A deep elf zephyrmancer (Elf:3)
  A moth of wrath (Zot:3)
  A naga mage (Snake:4)
  A saltling (Desolation)
  8 bushes (Elf:3)
  20 fungi
  48 plants
  11 tentacles (Shoals:4)
  29 withered plants
127 creatures vanquished.

Grand Total: 2703 creatures vanquished

Notes
Turn   | Place    | Note
-------+----------+-------------------------------------------
     0 | D:1      | scionoferis the Naga Warper began the quest for the Orb.
     0 | D:1      | Reached XP level 1. HP: 19/19 MP: 3/3
    63 | D:1      | Reached XP level 2. HP: 26/26 MP: 5/5
    68 | D:1      | Learned a level 2 spell: Blink
    68 | D:1      | Identified 2 scrolls of acquirement
    68 | D:1      | Acquired the +1 barding of Ofaocic {rF+ Str+2}
    75 | D:1      | Acquired a +0 demon blade of venom
   214 | D:1      | Reached skill level 3 in Long Blades
   555 | D:1      | Found Avucin's General Store.
   670 | D:1      | Reached XP level 3. HP: 32/32 MP: 6/6
  1045 | D:2      | Found a faded altar of an unknown god.
  1314 | D:3      | Found Xeille's Assorted Antiques.
  1339 | D:3      | Bought a scroll labelled FIDGHITT FUIS for 25 gold pieces
  1339 | D:3      | Bought a scroll labelled ECA CYCKEYWIPP for 25 gold pieces
  1346 | D:3      | Noticed Natasha
  1354 | D:3      | Killed Natasha
  1355 | D:3      | Reached skill level 4 in Long Blades
  1355 | D:3      | Reached skill level 1 in Shields
  1355 | D:3      | Reached XP level 4. HP: 18/39 MP: 3/7
  1548 | D:3      | Noticed an ogre
  1557 | D:3      | Killed an ogre
  1558 | D:3      | Reached skill level 5 in Long Blades
  1558 | D:3      | Reached XP level 5. HP: 18/45 MP: 2/8
  1579 | D:3      | Noticed Natasha
  1678 | D:3      | Killed Natasha
  1749 | D:3      | Reached XP level 6. HP: 49/52 MP: 7/9
  2226 | D:3      | Noticed Natasha
  2235 | D:3      | Killed Natasha
  2275 | D:3      | Found a runed translucent door.
  2283 | D:3      | Noticed gregwegmann's ghost (amateur MfSu)
  2586 | D:4      | Found a glowing drain.
  2599 | Sewer    | Entered a sewer
  2630 | Sewer    | Reached skill level 6 in Long Blades
  3011 | Sewer    | Reached XP level 7. HP: 56/60 MP: 10/10
  3182 | D:4      | Found Baupsuch's Overcharged Wands.
  3323 | D:4      | Reached skill level 7 in Long Blades
  3636 | D:4      | You fall into a shaft and drop 1 floor!
  3636 | D:5      | Entered Level 5 of the Dungeon
  3655 | D:5      | Noticed Eustachio
  3672 | D:5      | Killed Eustachio
  3673 | D:5      | Reached XP level 8. HP: 54/67 MP: 11/11
  3896 | D:5      | Reached skill level 8 in Long Blades
  4125 | D:5      | Reached skill level 5 in Shields
  4272 | D:5      | Found a staircase to the Ecumenical Temple.
  4281 | Temple   | Entered the Ecumenical Temple
  4471 | Temple   | Became a worshipper of the Wu Jian Council
  4525 | D:5      | Found a bloodstained altar of Trog.
  4550 | D:5      | Reached skill level 9 in Long Blades
  5108 | D:5      | Reached skill level 10 in Long Blades
  5108 | D:5      | Reached XP level 9. HP: 56/73 MP: 9/12
  5208 | D:6      | Found a white marble altar of Elyvilon.
  5315 | D:6      | Found Woodot's Antique Armour Emporium.
  5322 | D:6      | Bought a pair of glowing gloves for 165 gold pieces
  6136 | D:3      | Reached skill level 11 in Long Blades
  6145 | D:3      | Killed gregwegmann's ghost
  6281 | D:7      | Found Gokus's General Store.
  6409 | D:7      | Noticed Maggie
  6419 | D:7      | Killed Maggie
  6419 | D:7      | Reached * piety under Wu Jian
  6481 | D:7      | Reached skill level 12 in Long Blades
  6484 | D:7      | Noticed Joseph
  6500 | D:7      | Killed Joseph
  6720 | D:7      | Reached XP level 10. HP: 80/80 MP: 13/13
  6852 | D:7      | Found a sacrificial altar of Ru.
  7015 | D:7      | Found an ancient bone altar of Kikubaaqudgha.
  7342 | D:6      | Bought an embroidered hat for 154 gold pieces
  7427 | D:8      | Reached skill level 13 in Long Blades
  7452 | D:8      | Noticed Prince Ribbit
  7466 | D:8      | Killed Prince Ribbit
  7466 | D:8      | Reached ** piety under Wu Jian
  8335 | D:8      | Gained mutation: You have very sharp teeth. [potion of
                  | mutation]
  8335 | D:8      | Gained mutation: You have hidden genetic potential. [potion
                  | of mutation]
  8727 | D:9      | Noticed a two-headed ogre
  8747 | D:9      | Killed a two-headed ogre
  8748 | D:9      | Reached XP level 11. HP: 53/93 MP: 7/14
  9069 | D:9      | Noticed a two-headed ogre
  9075 | D:9      | Killed a two-headed ogre
  9076 | D:9      | Reached skill level 5 in Fighting
  9076 | D:9      | Reached skill level 14 in Long Blades
  9391 | D:9      | Found a snail-covered altar of Cheibriados.
  9474 | D:9      | Noticed a two-headed ogre
  9488 | D:9      | Killed a two-headed ogre
  9489 | D:9      | Reached skill level 1 in Armour
  9490 | D:9      | Reached *** piety under Wu Jian
  9696 | D:9      | Found a staircase to the Orcish Mines.
  9879 | D:10     | Entered Level 10 of the Dungeon
  9912 | D:10     | Noticed a two-headed ogre
  9943 | D:11     | Noticed Nergalle
  9964 | D:11     | Killed Nergalle
  9965 | D:11     | Reached skill level 5 in Dodging
  9973 | D:11     | Gained mutation: Your spells are a little harder to cast,
                  | but a little more powerful. [hidden potential]
 10069 | D:11     | Found a frozen archway.
 10078 | IceCv    | Entered an ice cave
 11905 | IceCv    | Reached skill level 5 in Translocations
 12538 | IceCv    | Noticed a necromancer
 12538 | IceCv    | Noticed a bog body
 12539 | IceCv    | Killed a bog body
 12539 | IceCv    | Reached XP level 12. HP: 109/109 MP: 15/15
 12556 | IceCv    | Got the Compendium of the Iceberg
 12666 | D:11     | Found a runed translucent door.
 12822 | D:10     | Killed a two-headed ogre
 12978 | D:10     | Identified the +10 falchion of the Everdark {vorpal,
                  | Stlth+}
 13848 | D:10     | Gained mutation: You expend magic power (3 MP) to
                  | strengthen your wands. [hidden potential]
 13848 | D:10     | Lost mutation: You have hidden genetic potential. [hidden
                  | potential expressed]
 14651 | D:11     | Reached skill level 5 in Armour
 15035 | D:11     | Found a staircase to the Lair.
 15186 | D:11     | Noticed a two-headed ogre
 15199 | D:11     | Killed a two-headed ogre
 15623 | D:12     | Noticed a boulder beetle
 15932 | D:12     | Killed a boulder beetle
 15933 | D:12     | Reached skill level 1 in Evocations
 16123 | D:12     | Noticed a two-headed ogre
 16129 | D:12     | Killed a two-headed ogre
 16129 | D:12     | Gained mutation: You can use your snake-like lower body to
                  | constrict enemies. [Naga growth]
 16129 | D:12     | Reached XP level 13. HP: 121/121 MP: 16/16
 17220 | D:11     | Noticed a minotaur
 17234 | D:11     | Killed a minotaur
 17412 | D:11     | Identified the +3 ring mail of Ziaw {rElec Dex+4}
 17690 | D:3      | Bought a scroll labelled INON LUIGEOBO for 25 gold pieces
 17827 | Lair:1   | Entered Level 1 of the Lair of Beasts
 17964 | Lair:1   | Reached skill level 1 in Stealth
 17999 | D:11     | Acquired a +1 cloak of stealth
 18498 | Lair:1   | Reached skill level 10 in Fighting
 18521 | Lair:1   | Reached skill level 5 in Stealth
 19228 | Lair:2   | Identified the +2 robe of Incorporation {-Cast Harm Rampage
                  | rElec}
 19247 | Lair:2   | Reached skill level 5 in Evocations
 20638 | Lair:3   | Found a staircase to the Snake Pit.
 20666 | Lair:3   | Acquired the ring "Xiburi" {Contam +Blink rElec rN++ Str+6}
 20783 | Lair:3   | Found a staircase to the Shoals.
 21058 | Lair:3   | Reached XP level 14. HP: 132/132 MP: 17/17
 21197 | Lair:3   | Reached **** piety under Wu Jian
 21231 | Lair:3   | Found the +8 whip "Snakebite" {venom, curare, rPois}
 21419 | Lair:3   | Noticed Kirke
 21433 | Lair:3   | Killed Kirke
 21982 | Lair:4   | Found a viscous altar of Jiyva.
 21983 | Lair:4   | Found a staircase to the Slime Pits.
 22075 | Lair:4   | Noticed Rupert
 22080 | Lair:4   | Killed Rupert
 22344 | Lair:5   | Entered Level 5 of the Lair of Beasts
 22541 | Lair:5   | Reached skill level 10 in Stealth
 23222 | Lair:5   | Reached skill level 15 in Long Blades
 23520 | Lair:5   | Reached skill level 5 in Spellcasting
 23710 | Lair:5   | Reached skill level 10 in Dodging
 23754 | Lair:5   | Reached XP level 15. HP: 117/138 MP: 22/22
 23869 | Lair:5   | Reached ***** piety under Wu Jian
 23878 | Lair:5   | Found a corrupted altar of Lugonu.
 23878 | Lair:5   | Found a one-way gate to the infinite horrors of the Abyss.
 24346 | D:11     | Learned a level 3 spell: Lesser Beckoning
 24383 | D:11     | Lost mutation: Your spells are a little harder to cast, but
                  | a little more powerful. [potion of mutation]
 24383 | D:11     | Lost mutation: You have very sharp teeth. [potion of
                  | mutation]
 24383 | D:11     | Gained mutation: You are agile. (Dex +4, Str/Int -1)
                  | [potion of mutation]
 24383 | D:11     | Gained mutation: Your mind is acute. (Int +4, Str/Dex -1)
                  | [potion of mutation]
 24454 | Orc:1    | Entered Level 1 of the Orcish Mines
 25148 | Orc:2    | Entered Level 2 of the Orcish Mines
 25273 | Orc:2    | Found a staircase to the Elven Halls.
 26608 | Orc:2    | Found Yluziad's Armour Shoppe.
 26608 | Orc:2    | Found Tuushef's Antique Weapon Shop.
 26610 | Orc:2    | Found Ypafyowk's Antique Weapon Shoppe.
 26610 | Orc:2    | Found Pasmalec's Distillery.
 26812 | D:1      | Bought a condenser vane for 560 gold pieces
 28159 | D:14     | Found a shadowy altar of Dithmenos.
 28259 | D:14     | Noticed Lodul
 28286 | D:14     | Killed Lodul
 28922 | D:14     | Found the +3 pair of seven-league boots {Rampage+∞}
 29012 | D:14     | Reached skill level 16 in Long Blades
 29292 | D:14     | Found a gate to the Vaults.
 29376 | D:14     | Reached XP level 16. HP: 90/146 MP: 18/27
 29935 | D:15     | Entered Level 15 of the Dungeon
 29937 | D:15     | Noticed Josephine
 29940 | D:15     | Killed Josephine
 30362 | D:15     | Noticed Jorgrun
 30367 | D:15     | Killed Jorgrun
 30402 | D:15     | Found a staircase to the Depths.
 31320 | D:11     | Learned a level 5 spell: Manifold Assault
 31577 | Snake:1  | Entered Level 1 of the Snake Pit
 32285 | Snake:1  | Reached ****** piety under Wu Jian
 33027 | Snake:2  | Reached skill level 10 in Evocations
 33191 | Snake:2  | Found Munugoipt's Weapon Boutique.
 33195 | Snake:2  | Found Ocsudeh's Book Shop.
 33196 | Snake:2  | Found Nuveih's Weapon Boutique.
 33297 | Snake:2  | Reached skill level 17 in Long Blades
 33413 | Snake:2  | Reached skill level 10 in Translocations
 33508 | Snake:2  | Found Hyimun's Tremendous Tomes.
 33550 | Snake:2  | Reached XP level 17. HP: 153/153 MP: 29/29
 34310 | Snake:3  | Noticed Aizul
 34323 | Snake:3  | Killed Aizul
 34894 | Snake:3  | Identified the +1 mace of the Open Hand {venom, rN++ Will-
                  | Dex+3 SInv}
 35858 | Snake:3  | Found a basalt altar of Yredelemnul.
 36148 | Snake:4  | Entered Level 4 of the Snake Pit
 36555 | Snake:4  | Reached skill level 10 in Shields
 37029 | Snake:4  | Found Omemiz's Antique Weapon Boutique.
 38053 | Snake:4  | Reached XP level 18. HP: 127/160 MP: 26/30
 38271 | Snake:4  | Reached skill level 18 in Long Blades
 38566 | Snake:4  | Got a serpentine rune of Zot
 38907 | D:11     | Learned a level 6 spell: Dispersal
 39016 | Shoals:1 | Entered Level 1 of the Shoals
 39175 | Shoals:1 | Identified the +2 plate armour "Iduceb" {rElec rPois rF+
                  | Will+}
 40207 | Shoals:1 | Upgraded the game from 0.30-a0-50-gb2d611f6b1 to
                  | 0.30-a0-51-g784eafce7f
 40283 | Shoals:2 | Noticed Frances
 40320 | Shoals:2 | Killed Frances
 40513 | Shoals:2 | Learned a level 1 spell: Apportation
 40889 | Shoals:3 | Found Goituiv's Self-Improvement Boutique.
 41946 | Shoals:4 | Entered Level 4 of the Shoals
 42898 | Shoals:4 | Reached XP level 19. HP: 130/168 MP: 31/31
 43011 | Shoals:4 | Got a barnacled rune of Zot
 43919 | Shoals:4 | Reached skill level 19 in Long Blades
 44642 | Elf:1    | Entered Level 1 of the Elven Halls
 44760 | Elf:1    | Found Ingiun's Firing Range.
 44764 | Elf:1    | Bought a throwing net for 39 gold pieces
 44788 | Elf:1    | Noticed Donald
 44810 | Elf:1    | Killed Donald
 45048 | Elf:1    | Noticed Agnes
 45053 | Elf:1    | Killed Agnes
 45873 | Elf:1    | Found a runed translucent gate.
 45873 | Elf:1    | Found a runed translucent gate.
 45873 | Elf:1    | Found a runed translucent gate.
 45873 | Elf:1    | Found a runed translucent gate.
 45873 | Elf:1    | Found a runed translucent gate.
 45874 | Elf:1    | Found a runed translucent gate.
 46112 | Elf:2    | Found Wamits's Assorted Antiques.
 46191 | Elf:2    | Found a crumbling gateway.
 46345 | Desolati | Entered the Desolation of Salt
 47597 | Desolati | Reached XP level 20. HP: 51/174 MP: 32/32
 48036 | Desolati | Identified the +2 helmet of the Moon {Rampage rElec rN++
                  | Will-}
 48040 | Desolati | Got Sif Muna's Handbook of the Summer and Bedrock
 48378 | Desolati | Got the Tome of the Transformed Squall
 48379 | Desolati | Identified the +9 plate armour "Jaxying" {rCorr MP+9 Dex+4}
 48381 | Desolati | Identified the +7 falchion of Impatience {protect, rElec
                  | rCorr Dex-2 Stlth+}
 48498 | Desolati | Reached skill level 15 in Shields
 48576 | Desolati | Identified the ring of the Nine Lives {rElec rN+ EV+4 Int-3
                  | SInv}
 48578 | Desolati | Identified the +11 sling of Edwa {venom, rN+ Str+2}
 49100 | Elf:2    | Paralysed by an air elemental for 1 turns
 49444 | Elf:2    | Found a runed translucent gate.
 49445 | Elf:2    | Found a runed translucent gate.
 49445 | Elf:2    | Found a runed translucent gate.
 49495 | Elf:2    | Reached skill level 20 in Long Blades
 49510 | Elf:2    | Reached skill level 15 in Translocations
 51026 | Elf:3    | Entered Level 3 of the Elven Halls
 51077 | Elf:3    | Noticed Louise
 51088 | Elf:3    | Killed Louise
 51919 | Elf:3    | Found Ulakk's Weapon Shoppe.
 52964 | Elf:3    | Reached XP level 21. HP: 181/187 MP: 13/34
 53194 | Elf:3    | Identified the ring "Zywaikk" {Fly rC+ Slay+2}
 53692 | Elf:3    | Found the +14 obsidian axe {vorpal, Mesm Drain Fly SInv}
 54088 | Elf:3    | Identified the +0 ring mail of Xom's Inspiration {rN+
                  | Dex+2}
 54107 | Elf:3    | Got the Directory of the Salvo and Pollution
 56809 | Snake:2  | Bought the Reference Book on Generative Frostbite for 1517
                  | gold pieces
 56817 | Snake:2  | Learned a level 5 spell: Summon Forest
 57111 | Vaults:1 | Entered Level 1 of the Vaults
 57175 | Vaults:1 | Reached skill level 1 in Summonings
 57988 | Vaults:1 | Reached skill level 10 in Spellcasting
 59968 | Vaults:2 | Found a staircase to the Crypt.
 59972 | Vaults:2 | Noticed an ancient lich
 59996 | Vaults:2 | Killed an ancient lich
 59997 | Vaults:2 | Reached XP level 22. HP: 183/200 MP: 36/36
 60191 | Vaults:2 | Found Watetur's Antique Weapon Emporium.
 60505 | Vaults:2 | Reached skill level 5 in Summonings
 64534 | Vaults:4 | Noticed Jory
 64592 | Vaults:4 | Reached XP level 23. HP: 211/211 MP: 38/38
 65291 | Vaults:4 | Killed Jory
 66320 | Crypt:1  | Entered Level 1 of the Crypt
 66320 | Crypt:1  | Noticed an ancient lich
 67130 | Vaults:2 | Killed an ancient lich
 67131 | Vaults:2 | Reached skill level 10 in Armour
 67871 | Crypt:1  | Noticed Zenata
 67878 | Crypt:1  | Killed Zenata
 69280 | Crypt:2  | Found a transporter.
 69588 | Crypt:2  | Found a transporter.
 69697 | Crypt:2  | Noticed a dread lich
 69733 | Crypt:2  | Killed a dread lich
 69776 | Crypt:2  | Gained mutation: You are weak. (Str -2) [a cacodemon]
 69938 | Crypt:2  | Identified the amulet of Raystiof {Faith Int+2 Dex+4}
 69962 | Crypt:2  | Identified the ring of Eternal Harmony {Fire Dex+2}
 69993 | Crypt:2  | Identified the ring of the Ban {rC+ Str+6}
 70651 | Crypt:2  | Reached skill level 10 in Summonings
 70771 | Crypt:3  | Entered Level 3 of the Crypt
 70969 | Crypt:3  | Reached skill level 15 in Fighting
 71069 | Crypt:3  | Reached XP level 24. HP: 225/225 MP: 39/39
 71409 | Crypt:2  | Found an ancient bone altar of Kikubaaqudgha.
 71991 | Crypt:3  | Found a staircase to the Tomb.
 72415 | Crypt:3  | Found a basalt altar of Yredelemnul.
 72864 | Crypt:3  | Identified the +5 spear of the Hall of Blades {venom,
                  | Stlth+}
 73113 | Crypt:3  | Identified the ring of Hoan Argh {AC+4 Str+4}
 73116 | Crypt:3  | Identified the ring of Ylagi {Fly Str+3}
 74224 | Depths:1 | Entered Level 1 of the Depths
 74234 | Depths:1 | Found a gateway to Hell.
 75269 | Depths:1 | Noticed Nikola
 75450 | Depths:1 | Killed Nikola
 75921 | Depths:1 | Noticed the Enchantress
 75971 | Depths:1 | Killed the Enchantress
 76658 | Depths:1 | Found a basalt altar of Yredelemnul.
 77170 | Depths:2 | Noticed a caustic shrike
 77172 | Depths:2 | Killed a caustic shrike
 77261 | Depths:2 | Reached XP level 25. HP: 194/236 MP: 39/39
 77316 | Depths:2 | Reached skill level 21 in Long Blades
 77856 | Depths:2 | Found a one-way gateway to a ziggurat.
 78435 | Depths:2 | Reached skill level 15 in Dodging
 78450 | Depths:2 | Identified the +0 plate armour of the Thistle {rElec Regen+
                  | Int+6 Stlth+}
 78520 | Depths:2 | Identified the ring of Wiatt {Int+6 Slay+2}
 78683 | Depths:2 | Found a one-way gate leading to the halls of Pandemonium.
 80710 | Depths:4 | Entered Level 4 of the Depths
 81632 | Depths:4 | Found a gate to the Realm of Zot.
 82685 | Zig:1    | Entered Level 1 of a ziggurat
 82710 | Zig:2    | Entered Level 2 of a ziggurat
 82883 | Zig:2    | Learned a level 2 spell: Wereblood
 82897 | Zig:3    | Entered Level 3 of a ziggurat
 82935 | Zig:4    | Entered Level 4 of a ziggurat
 83055 | Zig:4    | Identified the +9 plate armour of Dim Light {Rampage
                  | Stlth+}
 83058 | Zig:4    | Identified the +6 hand axe "Xakk" {flame, rElec Int+3
                  | Dex-4}
 83066 | Zig:5    | Entered Level 5 of a ziggurat
 83072 | Zig:5    | Noticed a dread lich
 83072 | Zig:5    | Noticed an ancient lich
 83081 | Zig:5    | Killed an ancient lich
 83082 | Zig:5    | Reached skill level 1 in Transmutations
 83089 | Zig:5    | Killed a dread lich
 83090 | Zig:5    | Reached XP level 26. HP: 220/250 MP: 39/39
 83112 | Zig:5    | Identified the +6 hand axe of Slow Death {vorpal, rN+ rCorr
                  | Int-2}
 83149 | Zig:6    | Entered Level 6 of a ziggurat
 83289 | Zig:6    | Identified the +0 robe of the First Interlopers {SInv}
 83310 | Zig:7    | Entered Level 7 of a ziggurat
 83325 | Zig:7    | Paralysed by an air elemental for 1 turns
 83328 | Zig:7    | Paralysed by an air elemental for 1 turns
 83513 | Zig:8    | Entered Level 8 of a ziggurat
 83543 | Zig:8    | Identified the ring of Doicwocayn {*Corrode rElec EV+4
                  | Str+8 Stlth+}
 83555 | Zig:8    | Upgraded the game from 0.30-a0-51-g784eafce7f to
                  | 0.30-a0-52-g86a8295270
 83614 | Zig:9    | Entered Level 9 of a ziggurat
 83626 | Zig:9    | Noticed a Killer Klown
 83629 | Zig:9    | Noticed a Killer Klown
 83630 | Zig:9    | Identified the +2 dagger "Ugovy" {flame, rN+}
 85088 | Vaults:5 | Entered Level 5 of the Vaults
 85091 | Vaults:5 | Noticed a dread lich
 85099 | Vaults:5 | Reached skill level 22 in Long Blades
 85110 | Vaults:5 | Killed a dread lich
 85124 | Vaults:5 | Reached skill level 5 in Transmutations
 85125 | Vaults:5 | Noticed an ancient lich
 85131 | Vaults:5 | Killed an ancient lich
 85135 | Vaults:5 | Identified the +5 bardiche "Foneklag" {vorpal, MP+9 Int+2
                  | Dex+3}
 85168 | Vaults:5 | Noticed a dread lich
 85169 | Vaults:5 | Killed a dread lich
 85422 | Vaults:5 | Found the +8 orange crystal plate armour {Archmagi, Int+3
                  | Clar}
 85512 | Vaults:5 | Noticed Boris
 85519 | Vaults:5 | Killed Boris
 85520 | Vaults:5 | Reached XP level 27. HP: 239/262 MP: 39/39
 85691 | Vaults:5 | Got a silver rune of Zot
 85740 | Vaults:5 | Noticed an ancient lich
 85750 | Vaults:5 | Killed an ancient lich
 85906 | Vaults:5 | Identified the +8 glaive "Ihumoss" {venom, rC+++ Will-
                  | rCorr Int+4}
 86242 | Vaults:5 | Identified the +0 leather armour of the Zebra {rN+}
 87158 | Zot:1    | Entered Level 1 of the Realm of Zot
 87316 | Zot:1    | Identified the ring of Anitae Ceve {Dex+6 Slay+3}
 87775 | Zot:1    | Noticed an orb of fire
 87781 | Zot:1    | Killed an orb of fire
 88040 | Zot:1    | Reached skill level 23 in Long Blades
 88230 | Zot:1    | Noticed an orb of fire
 88237 | Zot:1    | Lost mutation: Your mind is acute. (Int +4, Str/Dex -1) [an
                  | orb of fire]
 88238 | Zot:1    | Gained mutation: You are dopey. (Int -2) [an orb of fire]
 88239 | Zot:1    | Lost mutation: You are agile. (Dex +4, Str/Int -1) [an orb
                  | of fire]
 88241 | Zot:1    | Killed an orb of fire
 88954 | Zot:2    | Identified the +6 battleaxe of Deformation {vamp, MP+9
                  | Int+4}
 88954 | Zot:2    | Identified the ring of Zin's Inspiration {rPois rC+}
 88956 | Zot:2    | Noticed a dread lich
 88958 | Zot:2    | Noticed a dread lich
 88962 | Zot:2    | Killed a dread lich
 88965 | Zot:2    | Killed a dread lich
 88971 | Zot:2    | Noticed a dread lich
 88984 | Zot:2    | Killed a dread lich
 89118 | Zot:2    | Identified the +2 scale mail of Evolution {Will- Regen+
                  | Dex+3}
 89132 | Zot:2    | Identified the +7 short sword of Pride {vorpal, Will+ SInv}
 89361 | Zot:2    | You fall into a shaft and drop 2 floors!
 90513 | Zot:3    | Found the +4 dragonskin cloak
 90513 | Zot:3    | Noticed Tiamat
 90532 | Zot:3    | Killed Tiamat
 92574 | Zot:4    | Identified the +1 falchion of Vaxt {distort, rPois rCorr
                  | Dex+2}
 93091 | Zot:4    | Noticed Vv
 93111 | Zot:4    | Killed Vv
 93345 | Zot:4    | Reached skill level 24 in Long Blades
 93538 | Zot:5    | Entered Level 5 of the Realm of Zot
 94118 | Zot:5    | Noticed an ancient lich
 94122 | Zot:5    | Noticed an orb of fire
 94125 | Zot:5    | Noticed an orb of fire
 94510 | D:11     | Lost mutation: You are dopey. (Int -2) [potion of mutation]
 94510 | D:11     | Lost mutation: You are weak. (Str -2) [potion of mutation]
 94510 | D:11     | Lost mutation: You expend magic power (3 MP) to strengthen
                  | your wands. [potion of mutation]
 94510 | D:11     | Gained mutation: You possess an exceptional clarity of
                  | mind. [potion of mutation]
 94510 | D:11     | Gained mutation: You are robust. (+10% HP) [potion of
                  | mutation]
 94510 | D:11     | Gained mutation: You are partially covered in iridescent
                  | scales. (AC +2) [potion of mutation]
 94915 | Zot:4    | Killed an orb of fire
 95284 | Zot:5    | Killed an ancient lich
 95287 | Zot:5    | Noticed an orb of fire
 95298 | Zot:5    | Gained mutation: You occasionally lose the ability to drink
                  | potions when taking damage. [an orb of fire]
 95300 | Zot:5    | Lost mutation: You are robust. (+10% HP) [an orb of fire]
 95301 | Zot:5    | Killed an orb of fire
 95874 | Zot:5    | Noticed an ancient lich
 95878 | Zot:5    | Killed an ancient lich
 95986 | Zot:5    | Gained mutation: You are clumsy. (Dex -2) [an orb of fire]
 95987 | Zot:5    | Gained mutation: You are very clumsy. (Dex -4) [an orb of
                  | fire]
 95989 | Zot:5    | Gained mutation: Your spells are a little easier to cast,
                  | but a little less powerful. [an orb of fire]
 95992 | Zot:5    | Gained mutation: You are frail. (-10% HP) [an orb of fire]
 96001 | Zot:5    | Killed an orb of fire
 96002 | Zot:5    | Noticed an ancient lich
 96017 | Zot:5    | Killed an ancient lich
 96534 | Zot:5    | Lost mutation: You occasionally lose the ability to drink
                  | potions when taking damage. [potion of mutation]
 96534 | Zot:5    | Lost mutation: You are partially covered in iridescent
                  | scales. (AC +2) [potion of mutation]
 96534 | Zot:5    | Gained mutation: Your magical capacity is low. (-10% MP)
                  | [potion of mutation]
 96534 | Zot:5    | Gained mutation: You have a pair of small antennae on your
                  | head. [potion of mutation]
 96535 | Zot:5    | Lost mutation: You are frail. (-10% HP) [potion of
                  | mutation]
 96535 | Zot:5    | Lost mutation: You possess an exceptional clarity of mind.
                  | [potion of mutation]
 96535 | Zot:5    | Lost mutation: You have a pair of small antennae on your
                  | head. [potion of mutation]
 96535 | Zot:5    | Gained mutation: Your mind is acute. (Int +4, Str/Dex -1)
                  | [potion of mutation]
 96536 | Zot:5    | Lost mutation: Your spells are a little easier to cast, but
                  | a little less powerful. [potion of mutation]
 96536 | Zot:5    | Lost mutation: Your magical capacity is low. (-10% MP)
                  | [potion of mutation]
 96536 | Zot:5    | Lost mutation: Your mind is acute. (Int +4, Str/Dex -1)
                  | [potion of mutation]
 96536 | Zot:5    | Gained mutation: Your natural rate of healing is unusually
                  | fast. [potion of mutation]
 96536 | Zot:5    | Gained mutation: You expend magic power (3 MP) to
                  | strengthen your wands. [potion of mutation]
 96537 | Zot:5    | Lost mutation: You are very clumsy. (Dex -4) [potion of
                  | mutation]
 96537 | Zot:5    | Lost mutation: You expend magic power (3 MP) to strengthen
                  | your wands. [potion of mutation]
 96537 | Zot:5    | Gained mutation: You can exhale a cloud of poison. [potion
                  | of mutation]
 96538 | Zot:5    | Lost mutation: You are clumsy. (Dex -2) [potion of
                  | mutation]
 96538 | Zot:5    | Lost mutation: Your natural rate of healing is unusually
                  | fast. [potion of mutation]
 96538 | Zot:5    | Gained mutation: You are partially covered in large bone
                  | plates. (SH +4) [potion of mutation]
 96538 | Zot:5    | Gained mutation: You occasionally shout uncontrollably at
                  | your foes. [potion of mutation]
 96538 | Zot:5    | Gained mutation: You are agile. (Dex +4, Str/Int -1)
                  | [potion of mutation]
 97643 | Zot:5    | Got the Orb of Zot
 97994 | D:13     | Noticed Faceanys the pandemonium lord
 98176 | D:$      | Escaped with the Orb!

Illustrated notes

Levels and vault maps discovered:
D:1:      psy_arrival_dodecagon, layout_loops_cross, serial_shops,
          nicolae_shop_crystal
D:2:      layout_rooms, dreamdust_ecumenical_altar_hidden_monk_grotto,
          minmay_misc_feat_pillars, dreamdust_princess_corridor
D:3:      layout_rooms, serial_shops,
          nicolae_shop_temple_entry_statues_fountains, ebering_ghost_sewer_d,
          minmay_misc_feat_four_crosses, hangedman_glass_teeth, minivault_25,
          uniq_natasha
D:4:      layout_basic, lightli_sewer_entry_pipes,
          nicolae_shop_overcharged_wands
D:5:      minmay_chambers_of_fours, layout_loops_ring,
          nicolae_overflow_crystal_walls, minmay_temple_entry_sparse_star,
          chequers_garden, uniq_eustachio
D:6:      layout_basic, nicolae_elyvilon_peaceful_grove, serial_glass,
          glass_columns_b, glass_columns_a, glass_columns_b, glass_columns_c,
          glass_columns_b, glass_columns_a, glass_columns_a, glass_columns_a,
          glass_columns_a, glass_columns_a, glass_columns_c, glass_columns_c,
          glass_columns_c, glass_columns_b, serial_shops,
          nicolae_shop_advertising_works [nicolae_subvault_shop_adworks]
D:7:      layout_rooms, hangedman_ru_absence,
          lemuel_mausoleum_altar_kikubaaqudgha, serial_shops, shop, uniq_maggie,
          uniq_joseph
D:8:      layout_rooms, water_maze_lemuel, uniq_prince_ribbit1
D:9:      layout_long_grid, mainiacjoe_overflow_brackets, david_orc_5
D:10:     layout_cave_pools
D:11:     dreamdust_labyrinth, layout_irregular_city, erik_lair_island,
          portal_ice_cave_entry_pillars_2, nzn_random_ring, uniq_nergalle
D:12:     layout_loops_ring, hangedman_decor_opposing
D:13:     layout_stronghold, bh_circular_ruins
D:14:     layout_basic, hangedman_vaults_entry_quadrant_bands,
          nicolae_dithmenos_the_darkroom, palyth_stone_intersect, uniq_lodul
D:15:     grunt_enter_depths_magical_seal, layout_basic, minmay_misc_feat_roman,
          uniq_jorgrun, uniq_josephine
Temple:   bh_familiar_temple
Lair:1:   layout_chaotic_city, chequers_serial_rivers_small_a,
          beast_lair_carwin_11
Lair:2:   layout_cellular_growth, minivault_11
Lair:3:   minmay_guarded_unrand_snakebite, layout_big_grid,
          elwin_shoals_entry_stream, minmay_snake_entry_guardpost_small,
          uniq_kirke
Lair:4:   layout_cave_shapes, dpeg_slime_entry_corner, grunt_megastairs_4,
          uniq_rupert
Lair:5:   hellmonk_lair_end_abyssal_woods, layout_hall_layers
Shoals:1: layout_shoals, nicolae_shoals_so_close
Shoals:2: layout_shoals, uniq_frances
Shoals:3: layout_shoals, nicolae_shop_self_help
Shoals:4: shoals_end_simple, layout_shoals, nicolae_shoals_spectral_cove
Snake:1:  layout_onion
Snake:2:  nicolae_sea_snake_s, layout_basic, nicolae_shop_i_like_big_books,
          minmay_shop_star
Snake:3:  layout_gridlike, basic_altar, st_stairs_1, corexii_hall_statues_l,
          nicolae_triple_integral, uniq_aizul
Snake:4:  snake_pit, layout_chambers, serial_shops, nicolae_shop_statue_plus
Orc:1:    layout_caves, minmay_orc_temple_c
Orc:2:    grunt_orc_tribal_feast, layout_caves, basic_altar
Elf:1:    layout_loops_ring, orc_legates, nicolae_shop_firing_range, uniq_agnes,
          uniq_donald
Elf:2:    nicolae_elf_blades_crystal_corner, layout_onion_city,
          portal_desolation_entry_twin_temple, serial_shops,
          nicolae_shop_statue_plus
Elf:3:    elf_hall_gauntlet_wide, layout_geoelf_castle, serial_shops, shop,
          uniq_louise
Vaults:1: hangedman_vaults_capsules, hangedman_vaults_corner_blocks,
          vaults_mumra_minichess, vaults_room_octagon,
          ontoclasm_vaults_loading_screen, vaults_mumra_bighexcomb,
          ontoclasm_vaults_shuriken, vaults_room_boxed, grunt_vaults_trifunnel,
          v_rooms_1, nicolae_vaults_circle_grid_b, nicolae_vaults_what_the_h,
          v_misc_19, ontoclasm_vaults_decontamination, layout_vaults_maze
Vaults:2: minmay_crypt_entry_simple_round, nicolae_vaults_bisected_exclaves,
          nicolae_vaults_specimen_jars, v_misc_2, vaults_dpeg_diagonal,
          layout_vaults_omnigrid, serial_shops, shop
Vaults:3: st_star, ontoclasm_vaults_bender, ontoclasm_vaults_fault,
          hangedman_vaults_unwind, nicolae_vaults_ninety_degrees,
          hangedman_vaults_trim, vaults_mumra_hex, v_misc_1, v_misc_29,
          nicolae_vaults_theta, layout_vaults_omnibox
Vaults:4: ontoclasm_vaults_ligature, st_octagons_2, v_alt_pattern_2,
          nicolae_vaults_little_squares_2, nicolae_vaults_theta,
          vaults_room_fancy_cross, v_misc_12, layout_vaults_chaotic_city,
          uniq_jory
Vaults:5: uniq_margery, uniq_boris
Crypt:1:  layout_gridlike, eino_tiny_chamber, evilmike_ambush
          [evilmike_ambush_outer_basic, evilmike_ambush_inner_pond], uniq_zenata
Crypt:2:  gammafunk_dig_for_victory, layout_misc_corridors,
          lemuel_upstairs_altar, lemuel_elevator
Crypt:3:  evilmike_haunted_forest
Depths:1: layout_cross, grunt_hell_horde, hangedman_blasphemy, uniq_nikola,
          uniq_enchantress
Depths:2: minmay_spiral_squares, layout_gridlike, enter_ziggurat_c, hell_entry,
          pan_entry
Depths:3: lemuel_troll_bridge, layout_basic, hell_entry, abyss_entry,
          kennysheep_decorative_pillar, infiniplex_staircase_pool_1
Depths:4: grunt_twist_and_shout, layout_gridlike, hell_entry,
          serial_sigils_hangedman_scar, serial_bayou_shore_b
Zot:1:    layout_onion_interference, nicolae_lava_and_water, grunt_megastairs_1
Zot:2:    hellmonk_paralyzer, layout_onion_interference, grunt_ministairs_5
Zot:3:    infiniplex_zot_generator, layout_gridlike, uniq_tiamat, uniq_josephina
Zot:4:    layout_basic, uniq_vv
Zot:5:    layout_misc_corridors

Skill      XL: |  1  2  3  4  5  6  7  8  9 10 11 12 13 14 15 16 17 18 19 20 21 22 23 24 25 26 27 |
---------------+----------------------------------------------------------------------------------+-----
Long Blades    | 3 4 5 6 7 10 12 13 14 15 16 17 18 19 20 21 22 24 | 24.8
Shields        | 1 2 3 4 5 7 8 10 12 14 15 16 17 18 20 | 20.0
Dodging        | 4 5 7 8 10 11 12 13 14 15 16 19 | 19.0
Fighting       | 4 7 9 10 11 12 13 15 16 17 18 20 | 20.8
Armour         | 3 5 6 8 9 10 | 10.0
Translocations | 5 7 8 9 10 11 12 14 15 | 15.0
Evocations     | 1 5 6 8 10 11 12 13 | 13.6
Stealth        | 7 10 | 10.0
Spellcasting   | 5 7 8 9 10 11 12 | 12.0
Summonings     | 4 7 10 | 10.0
Transmutations | 1 5 |  5.0
Throwing       | |  0.8

Action                   |  1- 3 |  4- 6 |  7- 9 | 10-12 | 13-15 | 16-18 | 19-21 | 22-24 | 25-27 || total
-------------------------+-------+-------+-------+-------+-------+-------+-------+-------+-------++-------
Melee: Short sword       |    57 |   173 |    89 |       |       |       |       |       |       ||   319
       Demon blade       |     4 |       |   181 |   576 |   396 |  1188 |  1600 |  2133 |  2519 ||  8597
       Bite              |       |       |       |    91 |   146 |       |       |       |       ||   237
       Falchion          |       |       |       |   190 |   731 |       |       |       |       ||   921
       Dagger            |       |       |       |     3 |     2 |    29 |    39 |    14 |     4 ||    91
       Constrict         |       |       |       |       |   254 |   266 |   286 |   332 |   348 ||  1486
 Fire: Sling             |    32 |   107 |    54 |    97 |     2 |       |       |       |       ||   292
Throw: Boomerang         |       |     3 |       |     8 |    32 |    22 |    17 |     6 |       ||    88
       Dart              |       |       |       |       |       |       |       |     4 |    18 ||    22
 Cast: Blink             |       |       |       |     3 |     5 |       |     3 |     9 |     1 ||    21
       Manifold Assault  |       |       |       |       |       |     5 |    85 |     5 |    40 ||   135
       Lesser Beckoning  |       |       |       |       |       |     3 |     2 |       |       ||     5
       Apportation       |       |       |       |       |       |     1 |     2 |     1 |     7 ||    11
       Dispersal         |       |       |       |       |       |       |     3 |       |       ||     3
       Wereblood         |       |       |       |       |       |       |       |       |     1 ||     1
Invok: Lunge             |       |       |     6 |    68 |   135 |   178 |   171 |   159 |   197 ||   914
       Whirlwind         |       |       |     2 |    46 |   139 |    77 |   143 |   262 |   272 ||   941
       Serpent's Lash    |       |       |       |    13 |    17 |     8 |    27 |    38 |    35 ||   138
       Heavenly Storm    |       |       |       |       |       |       |       |     2 |     3 ||     5
 Abil: Spit Poison       |    19 |    22 |    25 |    52 |    14 |       |       |       |       ||   132
       Wall Jump         |       |       |       |     1 |     5 |       |       |     2 |    11 ||    19
Evoke: Phantom mirror    |       |       |       |       |     1 |       |       |     1 |       ||     2
       Wand              |       |       |       |       |     3 |     4 |       |     6 |    13 ||    26
       Box of beasts     |       |       |       |       |       |       |       |     1 |       ||     1
       Phial of floods   |       |       |       |       |       |       |       |     1 |       ||     1
       Condenser vane    |       |       |       |       |       |       |       |     1 |       ||     1
  Use: Scroll            |     2 |       |     7 |    11 |    18 |     3 |     3 |     7 |    10 ||    61
       Potion            |       |       |     1 |     5 |     3 |     1 |       |     3 |    13 ||    26
 Stab: Distracted        |       |       |     3 |     3 |     5 |     4 |    10 |    15 |    11 ||    51
       Sleeping          |       |       |       |     4 |    30 |    45 |    50 |    41 |    37 ||   207
       Invisible         |       |       |       |       |       |       |       |       |     3 ||     3
Armor: Leather armour    |    41 |    77 |    35 |       |       |       |       |       |       ||   153
       Robe              |       |       |    32 |   103 |     6 |       |   114 |       |       ||   255
       Acid dragon scale |       |       |       |    91 |       |       |       |    13 |   489 ||   593
       Ring mail         |       |       |       |       |   248 |   289 |   135 |   435 |       ||  1107
Dodge: Dodged            |    15 |    48 |    48 |   154 |   224 |   297 |   343 |   605 |  1083 ||  2817
Block: Kite shield       |    13 |    74 |   106 |   227 |   349 |    49 |   195 |   869 |  1112 ||  2994
       Buckler           |       |       |       |       |       |   139 |       |       |       ||   139
       Tower shield      |       |       |       |       |       |   208 |   582 |       |       ||   790
       Reflection        |       |       |       |       |       |    15 |    69 |       |       ||    84

Table legend: (Time is in decaauts)
 A = Elapsed time spent in this place.
 B = Non-inter-level travel time spent in this place.
 C = Inter-level travel time spent in this place.
 D = Time resting spent in this place.
 E = Time spent auto-exploring this place.
 F = Levels seen in this place.
 G = Mean time per level.
                   A        B        C        D        E       F      G
               +--------+--------+--------+--------+--------+-----+--------+
         Total | 118652 | 100128 |  18524 |  22913 |  48604 |  63 | 1883.4 |
       Dungeon |  31236 |  23954 |   7282 |   5174 |  13278 |  15 | 2082.4 |
        Temple |    299 |    225 |     74 |      0 |    217 |   1 |  299.0 |
          Lair |   9349 |   7360 |   1989 |   1143 |   4491 |   5 | 1869.8 |
        Shoals |   8617 |   8020 |    597 |   1663 |   3739 |   4 | 2154.2 |
     Snake Pit |   8968 |   7985 |    983 |   1455 |   4607 |   4 | 2242.0 |
  Orcish Mines |   2833 |   2571 |    262 |    733 |   1346 |   2 | 1416.5 |
   Elven Halls |   8030 |   6965 |   1065 |   2023 |   2121 |   3 | 2676.7 |
        Vaults |  14031 |  12128 |   1903 |   2560 |   6562 |   5 | 2806.2 |
         Crypt |   6814 |   6040 |    774 |    912 |   2747 |   3 | 2271.3 |
        Depths |  10014 |   8080 |   1934 |   1647 |   4403 |   4 | 2503.5 |
           Zot |  10992 |   9335 |   1657 |   1956 |   4569 |   5 | 2198.4 |
      Ziggurat |   1012 |   1012 |      0 |    509 |      0 |   9 |  112.4 |
         Sewer |    687 |    687 |      0 |     23 |    321 |   1 |  687.0 |
      Ice Cave |   2698 |   2698 |      0 |   1875 |    128 |   1 | 2698.0 |
    Desolation |   3066 |   3066 |      0 |   1236 |     68 |   1 | 3066.0 |
               +--------+--------+--------+--------+--------+-----+--------+

Top non-repeatable levels by time:
Vaults:2: 4435 daAuts
    D:11: 4310 daAuts
Depths:2: 4116 daAuts
    D:14: 4036 daAuts
   Elf:3: 3361 daAuts
 Crypt:3: 3303 daAuts
    D:13: 3274 daAuts
    D:15: 3138 daAuts
Vaults:1: 3094 daAuts
Desolation: 3066 daAuts
   Zot:3: 3057 daAuts
Shoals:3: 2913 daAuts
 Snake:4: 2831 daAuts
   IceCv: 2698 daAuts
 Snake:3: 2656 daAuts
